| TOP OF THE 1ST |
|
Toronto Blue Jays batting - Pitching for California Angels : RHP Raimundo Michel
|
|
Pitching: RHP Raimundo Michel
|
|
|
Batting: SHB Harold Reynolds
|
0-0: SINGLE (Line Drive, 8LS, EV 91.9 MPH)
|
|
Batting: LHB Sheldon Mallory
|
0-0: Foul Ball, location: 2F 0-1: Foul Ball, location: 2F 0-2: Fly out, F8 (Line Drive, 8RM, EV 91.9 MPH)
|
|
Batting: LHB Chad Daley
|
0-0: Ball 1-0: Called Strike Harold Reynolds steals 2nd base (no throw) 1-1: Swinging Strike 1-2: Foul Ball, location: 2F 1-2: Ground out 4-3 (Groundball, 4D, EV 101.9 MPH) Harold Reynolds to third
|
|
Batting: RHB Jose Gonzalez
|
0-0: Ball 1-0: Fly out, F8 (Flyball, 8LM, EV 90.0 MPH)
|
| Top of the 1st over - 0 runs, 1 hit, 0 errors, 1 left on base; Toronto 0 - California 0 |
| BOTTOM OF THE 1ST |
|
California Angels batting - Pitching for Toronto Blue Jays : LHP Thomas Linnert
|
|
Pitching: LHP Thomas Linnert
|
|
|
Batting: RHB Frank White
|
0-0: Ball 1-0: Ball 2-0: Ball 3-0: Base on Balls
|
|
Batting: SHB Jon Hernandez
|
0-0: Ball 1-0: Foul Ball, location: 2F 1-1: Ball 2-1: Ball 3-1: Base on Balls Frank White to second
|
|
Batting: LHB Brian Rosinski
|
0-0: Called Strike 0-1: Swinging Strike 0-2: Strikes out looking
|
|
Batting: LHB Jason D Thompson
|
0-0: Ball 1-0: Foul Ball, location: 2F 1-1: Swinging Strike 1-2: Ball 2-2: Ball 3-2: SINGLE (Groundball, 6D, EV 100.0 MPH) Frank White to third Jon Hernandez to second Runner from 3rd tries for Home, throw by LF and OUT! 7-2
|
|
Batting: RHB Carlos Pimentel
|
0-0: Ball 1-0: Foul Ball, location: 2F 1-1: Fly out, F5 (Popup, 56S, EV 78.8 MPH)
|
| Bottom of the 1st over - 0 runs, 1 hit, 0 errors, 2 left on base; Toronto 0 - California 0 |
| TOP OF THE 2ND |
|
Toronto Blue Jays batting - Pitching for California Angels : RHP Raimundo Michel
|
|
Batting: RHB Andres Galarraga
|
0-0: Foul Ball, location: 2F 0-1: Foul Ball, location: 2F 0-2: Ball 1-2: Foul Ball, location: 2F 1-2: Foul Ball, location: 2F 1-2: Ball 2-2: Strikes out swinging
|
|
Batting: RHB Juan Monasterio
|
0-0: Ball 1-0: SINGLE (Line Drive, 5D, EV 101.3 MPH)
|
|
Batting: RHB Cal Ripken
|
0-0: Swinging Strike 0-1: Fly out, F9 (Flyball, 9S, EV 90.6 MPH)
|
|
Batting: LHB Steve Stroughter
|
0-0: Called Strike 0-1: Called Strike Juan Monasterio steals 2nd base 0-2: Ball 1-2: Ground out 3-1 (Groundball, 34S, EV 83.8 MPH)
|
| Top of the 2nd over - 0 runs, 1 hit, 0 errors, 1 left on base; Toronto 0 - California 0 |
| BOTTOM OF THE 2ND |
|
California Angels batting - Pitching for Toronto Blue Jays : LHP Thomas Linnert
|
|
Batting: LHB John Milner
|
0-0: Ball 1-0: Fly out, F8 (Flyball, 8LXD, EV 104.4 MPH)
|
|
Batting: SHB Manny Castillo
|
0-0: Ball 1-0: Called Strike 1-1: Ball 2-1: Fly out, F3 (Line Drive, 3, EV 71.9 MPH)
|
|
Batting: RHB Jeff Atherton
|
0-0: Ball 1-0: Ball 2-0: Ball 3-0: Foul Ball, location: 2F 3-1: Fly out, F9 (Flyball, 89M, EV 93.1 MPH)
|
| Bottom of the 2nd over - 0 runs, 0 hits, 0 errors, 0 left on base; Toronto 0 - California 0 |
| TOP OF THE 3RD |
|
Toronto Blue Jays batting - Pitching for California Angels : RHP Raimundo Michel
|
|
Batting: SHB Ron Roenicke
|
0-0: Bunt for hit to 15S - play at first, batter safe!
|
|
Batting: SHB Harold Reynolds
|
0-0: Ball 1-0: Called Strike Ron Roenicke steals 2nd base 1-1: Swinging Strike 1-2: Ground out 4-3 (Groundball, 4, EV 82.5 MPH) Ron Roenicke to third
|
|
Batting: LHB Sheldon Mallory
|
0-0: Called Strike 0-1: Ball 1-1: Ball 2-1: Foul Ball, location: 2F 2-2: Foul Ball, location: 2F 2-2: Foul Ball, location: 2F 2-2: Ball 3-2: Ground out 5-3 (Groundball, 56, EV 103.1 MPH) Ron Roenicke scores
|
|
Batting: LHB Chad Daley
|
0-0: Ball 1-0: Called Strike 1-1: Ground out 4-3 (Groundball, 4, EV 107.5 MPH)
|
| Top of the 3rd over - 1 run, 1 hit, 0 errors, 0 left on base; Toronto 1 - California 0 |
| BOTTOM OF THE 3RD |
|
California Angels batting - Pitching for Toronto Blue Jays : LHP Thomas Linnert
|
|
Batting: RHB Mike Bishop
|
0-0: Fly out, F4 (Flyball, 34D, EV 81.9 MPH)
|
|
Batting: RHB Frank White
|
0-0: Ball 1-0: Called Strike 1-1: Ground out 6-3 (Groundball, 56, EV 111.3 MPH)
|
|
Batting: SHB Jon Hernandez
|
0-0: Ball 1-0: Swinging Strike 1-1: Swinging Strike 1-2: Ball 2-2: Foul Ball, location: 2F 2-2: Foul Ball, location: 2F 2-2: Foul Ball, location: 2F 2-2: Ball 3-2: Fly out, F3 (Flyball, 3D, EV 86.9 MPH)
|
| Bottom of the 3rd over - 0 runs, 0 hits, 0 errors, 0 left on base; Toronto 1 - California 0 |
| TOP OF THE 4TH |
|
Toronto Blue Jays batting - Pitching for California Angels : RHP Raimundo Michel
|
|
Batting: RHB Jose Gonzalez
|
0-0: Called Strike 0-1: Foul Ball, location: 2F 0-2: Ground out 4-3 (Groundball, 4, EV 103.1 MPH)
|
|
Batting: RHB Andres Galarraga
|
0-0: Foul Ball, location: 2F 0-1: Swinging Strike 0-2: Ball 1-2: Foul Ball, location: 2F 1-2: Foul Ball, location: 2F 1-2: Ball 2-2: SINGLE (Line Drive, 3D, EV 94.4 MPH)
|
|
Batting: RHB Juan Monasterio
|
0-0: DOUBLE (Line Drive, 8LXD, EV 110.6 MPH) Andres Galarraga to third Runner from 3rd tries for Home, SAFE, throw by CF to home
|
|
Batting: RHB Cal Ripken
|
0-0: Called Strike 0-1: Called Strike 0-2: Ball 1-2: Ball 2-2: SINGLE (Line Drive, 89S, EV 91.3 MPH) Juan Monasterio to third Runner from 3rd tries for Home, SAFE, throw by RF to home
|
|
Batting: LHB Steve Stroughter
|
0-0: SINGLE (Groundball, 34D, EV 106.3 MPH) Cal Ripken to second Runner from 2nd tries for 3rd, SAFE, throw by RF made to third Steve Stroughter to second
|
|
Batting: SHB Ron Roenicke
|
0-0: Ball 1-0: Ball 2-0: Ball 3-0: Called Strike 3-1: Base on Balls
|
|
Batting: SHB Harold Reynolds
|
0-0: Swinging Strike 0-1: Ball 1-1: Swinging Strike 1-2: Fly out, F8 (Flyball, 78D, EV 98.8 MPH) Runner from 3rd tags up, OUT at HOME! 8-2
|
| Top of the 4th over - 2 runs, 4 hits, 0 errors, 2 left on base; Toronto 3 - California 0 |
| BOTTOM OF THE 4TH |
|
California Angels batting - Pitching for Toronto Blue Jays : LHP Thomas Linnert
|
|
Batting: LHB Brian Rosinski
|
0-0: Ball 1-0: Called Strike 1-1: Swinging Strike 1-2: Strikes out swinging
|
|
Batting: LHB Jason D Thompson
|
0-0: Ball 1-0: Called Strike 1-1: Called Strike 1-2: Strikes out looking
|
|
Batting: RHB Carlos Pimentel
|
0-0: Foul Ball, location: 2F 0-1: Called Strike 0-2: Ball 1-2: Ball 2-2: Ground out 4-3 (Groundball, 4, EV 80.0 MPH)
|
| Bottom of the 4th over - 0 runs, 0 hits, 0 errors, 0 left on base; Toronto 3 - California 0 |
| TOP OF THE 5TH |
|
Toronto Blue Jays batting - Pitching for California Angels : RHP Raimundo Michel
|
|
Batting: LHB Sheldon Mallory
|
0-0: Ball 1-0: Ball 2-0: Foul Ball, location: 2F 2-1: Ball 3-1: Foul Ball, location: 2F 3-2: Fly out, F6 (Flyball, 6D, EV 95.6 MPH)
|
|
Batting: LHB Chad Daley
|
0-0: Ball 1-0: Ball 2-0: Foul Ball, location: 2F 2-1: SINGLE (Line Drive, 9S, EV 96.9 MPH)
|
|
Batting: RHB Jose Gonzalez
|
0-0: Ball 1-0: Ball 2-0: Called Strike 2-1: Grounds into double play, 5-4-3 (Groundball, 5, EV 80.6 MPH)
|
| Top of the 5th over - 0 runs, 1 hit, 0 errors, 0 left on base; Toronto 3 - California 0 |
| BOTTOM OF THE 5TH |
|
California Angels batting - Pitching for Toronto Blue Jays : LHP Thomas Linnert
|
|
Batting: LHB John Milner
|
0-0: Called Strike 0-1: Ball 1-1: Called Strike 1-2: Foul Ball, location: 2F 1-2: Ball 2-2: Foul Ball, location: 2F 2-2: Foul Ball, location: 2F 2-2: Ball 3-2: Strikes out swinging
|
|
Batting: SHB Manny Castillo
|
0-0: Called Strike 0-1: Called Strike 0-2: DOUBLE (Line Drive, 7LM, EV 103.8 MPH)
|
|
Batting: RHB Jeff Atherton
|
0-0: Ball 1-0: Called Strike 1-1: Ball 2-1: Ball 3-1: Base on Balls
|
|
Batting: RHB Mike Bishop
|
0-0: Foul Ball, location: 2F 0-1: Foul Ball, location: 2F 0-2: Foul Ball, location: 2F 0-2: Ball 1-2: Fly out, F8 (Line Drive, 8LM, EV 93.8 MPH)
|
|
Batting: RHB Frank White
|
0-0: Called Strike 0-1: Ball 1-1: Called Strike 1-2: Ball 2-2: Strikes out swinging
|
| Bottom of the 5th over - 0 runs, 1 hit, 0 errors, 2 left on base; Toronto 3 - California 0 |
| TOP OF THE 6TH |
|
Toronto Blue Jays batting - Pitching for California Angels : RHP Raimundo Michel
|
|
Batting: RHB Andres Galarraga
|
0-0: Ground out 4-3 (Groundball, 4, EV 87.5 MPH)
|
|
Batting: RHB Juan Monasterio
|
0-0: Swinging Strike 0-1: Ball 1-1: Swinging Strike 1-2: Strikes out looking
|
|
Batting: RHB Cal Ripken
|
0-0: Called Strike 0-1: Called Strike 0-2: Fly out, F8 (Line Drive, 8LM, EV 98.8 MPH)
|
| Top of the 6th over - 0 runs, 0 hits, 0 errors, 0 left on base; Toronto 3 - California 0 |
| BOTTOM OF THE 6TH |
|
California Angels batting - Pitching for Toronto Blue Jays : LHP Thomas Linnert
|
|
Batting: SHB Jon Hernandez
|
0-0: Called Strike 0-1: Ball 1-1: Foul Ball, location: 2F 1-2: Foul Ball, location: 2F 1-2: Ground out 6-3 (Groundball, 56D, EV 105.6 MPH)
|
|
Batting: LHB Brian Rosinski
|
0-0: Called Strike 0-1: Foul Ball, location: 2F 0-2: Strikes out swinging, 2-3 out at first.
|
|
Batting: LHB Jason D Thompson
|
0-0: Foul Ball, location: 2F 0-1: Ball 1-1: Ball 2-1: Called Strike 2-2: Strikes out swinging
|
| Bottom of the 6th over - 0 runs, 0 hits, 0 errors, 0 left on base; Toronto 3 - California 0 |
| TOP OF THE 7TH |
|
Toronto Blue Jays batting - Pitching for California Angels : RHP Raimundo Michel
|
|
Batting: LHB Steve Stroughter
|
0-0: Called Strike 0-1: Fly out, F2 (Popup, 25F, EV 83.8 MPH)
|
|
Batting: SHB Ron Roenicke
|
0-0: Ground out 6-3 (Groundball, 6M, EV 88.8 MPH)
|
|
Batting: SHB Harold Reynolds
|
0-0: Ball 1-0: Ball 2-0: Called Strike 2-1: Ball 3-1: Fly out, F8 (Flyball, 8LS, EV 84.4 MPH)
|
| Top of the 7th over - 0 runs, 0 hits, 0 errors, 0 left on base; Toronto 3 - California 0 |
| BOTTOM OF THE 7TH |
|
California Angels batting - Pitching for Toronto Blue Jays : LHP Thomas Linnert
|
|
Batting: RHB Carlos Pimentel
|
0-0: Ball 1-0: Foul Ball, location: 2F 1-1: Foul Ball, location: 2F 1-2: Foul Ball, location: 2F 1-2: Ball 2-2: Ball 3-2: Strikes out swinging
|
|
Pitching: LHP John Marshall
|
|
|
Batting: LHB John Milner
|
0-0: Ball 1-0: Called Strike 1-1: Ball 2-1: Ball 3-1: Base on Balls
|
|
Batting: SHB Manny Castillo
|
0-0: Called Strike 0-1: Ball 1-1: Ground out 6-3 (Groundball, 6M, EV 85.0 MPH) John Milner to second
|
|
Batting: RHB Jeff Atherton
|
0-0: Foul Ball, location: 2F 0-1: Ball 1-1: Ground out 5-3 (Groundball, 56S, EV 73.8 MPH)
|
| Bottom of the 7th over - 0 runs, 0 hits, 0 errors, 1 left on base; Toronto 3 - California 0 |
| TOP OF THE 8TH |
|
Toronto Blue Jays batting - Pitching for California Angels : RHP Raimundo Michel
|
|
Batting: LHB Sheldon Mallory
|
0-0: Ball 1-0: Ball 2-0: Swinging Strike 2-1: Fly out, F9 (Line Drive, 9, EV 95.6 MPH)
|
|
Pitching: LHP Bob McClure
|
|
|
Batting: LHB Chad Daley
|
0-0: Swinging Strike 0-1: Called Strike 0-2: Foul Ball, location: 2F 0-2: Ball 1-2: Strikes out swinging
|
|
Batting: RHB Jose Gonzalez
|
0-0: Ground out 6-3 (Groundball, 4MD, EV 87.5 MPH)
|
| Top of the 8th over - 0 runs, 0 hits, 0 errors, 0 left on base; Toronto 3 - California 0 |
| BOTTOM OF THE 8TH |
|
California Angels batting - Pitching for Toronto Blue Jays : LHP John Marshall
|
|
Batting: RHB Mike Bishop
|
0-0: Ball 1-0: Foul Ball, location: 2F 1-1: Fly out, F8 (Flyball, 8RD, EV 110.0 MPH)
|
|
Batting: RHB Frank White
|
0-0: SINGLE (Line Drive, 9LS, EV 91.3 MPH)
|
|
Batting: SHB Jon Hernandez
|
0-0: Ball 1-0: Foul Ball, location: 2F 1-1: Swinging Strike 1-2: Ball 2-2: Ball 3-2: Strikes out swinging Frank White is caught stealing 2nd base 2-4 Batter strikes out.
|
| Bottom of the 8th over - 0 runs, 1 hit, 0 errors, 0 left on base; Toronto 3 - California 0 |
| TOP OF THE 9TH |
|
Toronto Blue Jays batting - Pitching for California Angels : LHP Bob McClure
|
|
Batting: RHB Andres Galarraga
|
0-0: Foul Ball, location: 2F 0-1: Called Strike 0-2: Foul Ball, location: 2F 0-2: Ground out U3 (Groundball, 34S, EV 85.0 MPH)
|
|
Batting: RHB Juan Monasterio
|
0-0: Called Strike 0-1: Ball 1-1: Ground out 5-3 (Groundball, 5L, EV 109.4 MPH)
|
|
Batting: RHB Cal Ripken
|
0-0: SINGLE (Groundball, 56D, EV 107.5 MPH)
|
|
Batting: LHB Steve Stroughter
|
0-0: Called Strike 0-1: Foul Ball, location: 2F 0-2: Ball 1-2: Ball 2-2: Fly out, F8 (Line Drive, 8LM, EV 90.6 MPH)
|
| Top of the 9th over - 0 runs, 1 hit, 0 errors, 1 left on base; Toronto 3 - California 0 |
| BOTTOM OF THE 9TH |
|
California Angels batting - Pitching for Toronto Blue Jays : LHP John Marshall
|
|
Now at 2B: Jose Carrillo
|
|
|
Batting: LHB Brian Rosinski
|
0-0: Swinging Strike 0-1: Foul Ball, location: 2F 0-2: Ball 1-2: Ball 2-2: Strikes out swinging
|
|
Batting: LHB Jason D Thompson
|
0-0: Called Strike 0-1: Ball 1-1: Ball 2-1: Fly out, F9 (Flyball, 89M, EV 77.5 MPH)
|
|
Batting: RHB Carlos Pimentel
|
0-0: Called Strike 0-1: Ground out U3 (Groundball, 3L, EV 91.3 MPH)
|
| Bottom of the 9th over - 0 runs, 0 hits, 0 errors, 0 left on base; Toronto 3 - California 0 |
|